 Dungeon Crawl Stone Soup version 0.30-b1-2-g02819fbbbe (webtiles) character file.

Game seed: 16078129675017192452

14125 MajorAdolf the Unseen (level 12, -2/93 HPs)
             Began as a Naga Wanderer on Oct 8, 2023.
             Was an Initiate of Gozag.
             Shot with an arrow by a centaur warrior (8 damage)
             ... on level 13 of the Dungeon on Nov 7, 2023.
             The game lasted 00:17:56 (13184 turns).

MajorAdolf the Unseen (Naga Wanderer)              Turns: 13184, Time: 00:17:56

Health: -2/93      AC: 12    Str: 22    XL:     12   Next: 13%
Magic:  13/13      EV:  8    Int: 22    God:    Gozag
Gold:   1758       SH:  6    Dex:  9    Spells: 13/13 levels left

rFire   . . .        s - +10 war axe of Puitzaf {freeze, rN+ Will++ Dex+3}
rCold   . . .        b - +0 buckler
rNeg    + . .        d - +0 leather armour
rPois   +            p - +0 helmet
rElec   .            G - +1 cloak "Vyn Qenko" {Str+7 Int+4 Dex-4}
rCorr   .            (no gloves)
SInv    +            (no barding)
Will    +++..        (no amulet)
Stlth   ++++++       r - +4 ring of protection
HPRegen 0.35/turn    (no ring)
MPRegen 0.13/turn

%: no passive effects
@: studying 2 skills, very slow
A: AC +4, large, see invisible, deformed body, poison resistance, slowness 2,
spit poison 1, naga tail 1
a: Spit Poison, Renounce Religion, Potion Petition, Call Merchant, Bribe Branch


You were on level 13 of the Dungeon.
You worshipped Gozag.
Gozag was most pleased with you.
You visited 2 branches of the dungeon, and saw 14 of its levels.

You collected 1827 gold pieces.
You paid 69 gold pieces to Gozag.

Inventory:

Hand Weapons
 a - a +2 hand axe
 k - a +2 whip of flaming
 s - the +10 war axe of Puitzaf (weapon) {freeze, rN+ Will++ Dex+3}
   (You found it on level 3 of the Dungeon)

   Dex:       It affects your dexterity (+3).
   rN:        It protects you from negative energy.
   Will:      It greatly increases your willpower.
Armour
 b - a +0 buckler (worn)
 d - a +0 leather armour (worn)
 p - a +0 helmet (worn)
 G - the +1 cloak "Vyn Qenko" (worn) {Str+7 Int+4 Dex-4}
   (You found it on level 7 of the Dungeon)

   Str:       It affects your strength (+7).
   Int:       It affects your intelligence (+4).
   Dex:       It affects your dexterity (-4).
Magical Staves
 t - a staff of cold
Jewellery
 g - an amulet of faith
 n - a +6 ring of intelligence
 r - a +4 ring of protection (left hand)
 A - an amulet of reflection
 H - a ring of protection from cold
 K - a +4 ring of slaying
 R - a ring of fire
 U - a +6 ring of intelligence
Wands
 y - a wand of polymorph (13)
 C - a wand of paralysis (12)
 D - a wand of digging (6)
 L - a wand of roots (2)
 Q - a wand of light (7)
 T - a wand of flame (8)
Scrolls
 c - 4 scrolls of silence
 h - 5 scrolls of identify
 i - 4 scrolls of immolation
 v - 6 scrolls of teleportation
 B - 2 scrolls of enchant weapon
 I - 2 scrolls of vulnerability {unknown}
 J - a scroll of poison {unknown}
 M - a scroll of brand weapon {unknown}
 N - a scroll of torment {unknown}
 O - a scroll of fear {unknown}
 P - a scroll of fog
Potions
 e - 2 potions of ambrosia
 f - 4 potions of lignification
 j - 10 potions of curing
 l - 4 potions of might {unknown}
 m - 4 potions of brilliance
 o - 2 potions of degeneration {unknown}
 q - 2 potions of cancellation {unknown}
 u - 2 potions of haste
 w - a potion of invisibility {unknown}
 x - 3 potions of flight
 z - 3 potions of heal wounds {unknown}
 E - a potion of berserk rage {unknown}
 F - a potion of resistance {unknown}
 S - a potion of attraction {unknown}


   Skills:
 - Level 2.0 Fighting
 + Level 11.6 Axes
 + Level 18.1 Stealth
 + Level 11.7 Shields
 - Level 1.0 Spellcasting
 - Level 1.0 Transmutations
 - Level 1.0 Evocations


You had 13 spell levels left.
You didn't know any spells.
Your spell library contained the following spells:

 Spells                   Type           Power      Damage    Failure   Level
 Foxfire                  Conj/Fire      4%         2x1d4     21%         1
 Summon Small Mammal      Summ           4%         N/A       21%         1
 Wereblood                Tmut           5%         N/A       21%         2
 Passwall                 Tmut/Erth      2%         N/A       24%         2
 Ensorcelled Hibernation  Hex/Ice        2%         N/A       30%         2
 Poisonous Vapours        Pois/Air       2%         N/A       30%         2
 Static Discharge         Conj/Air       2%         2-3/arc   30%         2
 Call Canine Familiar     Summ           1%         N/A       52%         3
 Hailstorm                Conj/Ice       1%         3d3       52%         3
 Mephitic Cloud           Conj/Pois/Air  1%         N/A       52%         3
 Ozocubu's Armour         Ice            1%         N/A       52%         3
 Stone Arrow              Conj/Erth      2%         3d7       52%         3
 Summon Guardian Golem    Hex/Summ       1%         N/A       52%         3
 Swiftness                Air            1%         N/A       52%         3
 Ice Form                 Ice/Tmut       3%         N/A       85%         4
 Airstrike                Air            0%         2d(1-17)  89%         4
 Anguish                  Hex/Necr       0%         N/A       89%         4
 Animate Armour           Summ/Erth      2%         N/A       89%         4
 Cause Fear               Hex            0%         N/A       89%         4
 Manifold Assault         Tloc           1%         N/A       89%         4
 Summon Lightning Spire   Summ/Air       1%         N/A       89%         4
 Fireball                 Conj/Fire      0%         3d3       99%         5
 Freezing Cloud           Conj/Ice/Air   0%         6-21      99%         5
 Dispersal                Tloc           0%         N/A       100%        6
 Plasma Beam              Fire/Air       0%         2x1d11    100%        6
 Starburst                Conj/Fire      0%         6d3       100%        6
 Enfeeble                 Hex            0%         N/A       100%        7
 Ozocubu's Refrigeration  Ice            0%         4d7       100%        7
 Storm Form               Tmut/Air       1%         N/A       100%        7
 Disjunction              Tloc           0%         N/A       100%        8
 Lehudib's Crystal Spear  Conj/Erth      0%         10d2      100%        8
 Maxwell's Capacitive Co  Air            0%         ∞         100%        8
 Simulacrum               Ice/Necr       Unusable   N/A       N/A         6

Dungeon Overview and Level Annotations

Branches:
Dungeon (13/15)            Temple (1/1) D:5             Orc (0/2) D:10
   Lair: D:8-11      Vaults: D:13-14

Altars:
Ashenzari
Cheibriados
Dithmenos
Elyvilon
Fedhas
Gozag
Hepliaklqana
Kikubaaqudgha
Makhleb
Nemelex Xobeh
Okawaru
Qazlal
Ru
Sif Muna
Trog
Uskayaw
Vehumet
Wu Jian
Xom
Zin
The Shining One

Shops:
D:5 ?   D:6 *

Annotations:
D:6 exclusion: oklob plant
D:11 2 transporters, Galthrax's ghost, journeyman OpAr
D:13 1 runed translucent door, Ralhos's ghost, journeyman MiFi


Innate Abilities, Weirdness & Mutations

Your serpentine skin is tough. (AC +4)
You have supernaturally acute eyesight. (SInv)
Armour fits poorly on your strangely shaped body.
Your system is resistant to poisons. (rPois)
You cover ground very slowly.
You can spit poison.
You have a snake-like lower body.


Message History

Found a runed translucent door.
A cyclops comes into view.
A cyclops is nearby!
A cyclops is nearby!
Unknown command. 2 slime creatures come into view.
You see here a book of the Sky.
You pick up a book of the Sky and begin reading...
You add the spells Storm Form and Maxwell's Capacitive Coupling to your library.
You start waiting.
A slime creature comes into view.
There is a stone staircase leading up, spattered with blood here.
You start waiting.
A centaur warrior is nearby!
What are your orders? t - Shout!
Orders for allies: a - Attack new target. r - Retreat! s - Stop attacking. g - Guard the area. f - Follow me.
Anything else - Cancel.
You shout for attention!
The centaur warrior shouts!
You hear a shout!
The centaur warrior unwields a +0 hand axe.
The centaur warrior wields a +0 longbow.
The centaur warrior shoots an arrow.
The arrow hits you!!
A centaur warrior is nearby!
The centaur warrior shoots an arrow.
The arrow hits you!
The centaur warrior shoots an arrow.
The arrow hits you!
The centaur warrior shoots an arrow.
The arrow hits you!
Things that are here:
a +0 shortbow; a +0 shortbow A red ugly thing comes into view.
The centaur warrior shoots an arrow.
The arrow hits you.
The centaur warrior shoots an arrow.
The arrow closely misses you.
The centaur warrior shoots an arrow.
The arrow hits you!!
* * * LOW HITPOINT WARNING * * *
The centaur warrior shoots an arrow.
The arrow hits you!
* * * LOW HITPOINT WARNING * * *
The centaur warrior shoots an arrow.
The arrow hits you!
You die...
Your body crumbles into a pile of gold.

#.#### #....# ##....##
#.cC...#. ##
##.#.#...^..###
#.<#.###..#...# #.##.#
##.....####
#.##.###..........
######.##@##...........
...#..##.##...........
###.#c###.##..)<.......
#......##.##...........
.###.##......##...........
..........................
...............#..........
...##########....)....##..
#..#∩..?3W∩.#...#.##### #


You could see a centaur warrior and a cyclops.

Vanquished Creatures
  Josephine (D:10)
  A centaur warrior (D:12)
  A boulder beetle (D:12)
  2 two-headed ogres
  A deep elf pyromancer (D:12)
  An ugly thing (D:12)
  A manticore (D:12)
  A cyclops (D:11)
  2 gargoyles
  An unseen horror (D:11)
  An efreet (D:13)
  A komodo dragon (D:12)
  4 trolls
  A shadow (D:12)
  12 yaks
  2 wyverns (D:7)
  A vampire (D:12)
  4 wraiths
  3 vampire mosquitoes (D:11)
  Edmund (D:6)
  An acid dragon (D:9)
  Duvessa (D:6)
  A water moccasin (D:6)
  2 orc warriors
  Pargi (D:4)
  A sky beast (D:7)
  A black bear (D:6)
  An ice beast (D:5)
  5 ogres
  5 centaurs
  2 kobold brigands
  2 bullfrogs (D:7)
  Blork the orc (D:6)
  A scorpion (D:4)
  10 wights
  Dowan (D:6)
  6 killer bees (D:11)
  2 howler monkeys
  The ghost of bobro the Firebug, a weakling DgFE (D:3)
  6 orc priests
  6 hounds
  A sleepcap (D:6)
  3 jellies
  A gnoll bouda (D:10)
  5 iguanas
  7 orc wizards
  4 adders
  4 gnolls (D:10)
  3 dart slugs
  2 worms
  39 orcs
  7 endoplasms
  3 giant cockroaches
  4 hobgoblins
  7 jackals
  5 kobolds
  A quokka (D:4)
  12 ball pythons
  6 bats
  5 frilled lizards
  12 goblins
  3 rats
233 creatures vanquished.

Vanquished Creatures (others)
  7 plants
  14 toadstools (D:6)
21 creatures vanquished.

Grand Total: 254 creatures vanquished

Notes
Turn   | Place    | Note
-------+----------+-------------------------------------------
     0 | D:1      | MajorAdolf the Naga Wanderer began the quest for the Orb.
     0 | D:1      | MajorAdolf set off with the following items: a +2 hand axe,
                  | a +0 buckler, a scroll of silence, a +0 leather armour; and
                  | the following spells available to memorise: Wereblood,
                  | Passwall.
     0 | D:1      | Reached XP level 1. HP: 19/19 MP: 2/2
    95 | D:1      | Reached skill level 2 in Stealth
   180 | D:1      | Reached skill level 3 in Stealth
   194 | D:1      | Reached XP level 2. HP: 16/26 MP: 3/3
   397 | D:1      | Reached skill level 4 in Stealth
   775 | D:1      | Reached XP level 3. HP: 30/32 MP: 4/4
   931 | D:2      | Reached skill level 5 in Stealth
   979 | D:2      | Found a shimmering altar of Xom.
  1289 | D:2      | Reached XP level 4. HP: 38/39 MP: 5/5
  1313 | D:2      | Reached skill level 6 in Stealth
  1544 | D:3      | Found a faded altar of an unknown god.
  1617 | D:3      | Found a runed translucent door.
  1636 | D:3      | Identified the +10 war axe of Puitzaf {freeze, rN+ Will++
                  | Dex+3}
  1762 | D:3      | Found a burning altar of Makhleb.
  1788 | D:3      | Reached XP level 5. HP: 43/45 MP: 6/6
  1909 | D:3      | Found a sacrificial altar of Ru.
  1949 | D:3      | Reached skill level 7 in Stealth
  2236 | D:3      | Noticed bobro's ghost (weakling DgFE)
  2293 | D:3      | Killed bobro's ghost
  2375 | D:4      | Reached XP level 6. HP: 49/52 MP: 7/7
  2408 | D:4      | Found an iron altar of Okawaru.
  2454 | D:4      | Found a glowing golden altar of the Shining One.
  2505 | D:4      | Found an ornate altar of the Wu Jian Council.
  2754 | D:4      | Found a broken altar of Ashenzari.
  2774 | D:4      | Noticed Pargi
  2780 | D:4      | Killed Pargi
  2781 | D:4      | Reached skill level 8 in Stealth
  2944 | D:5      | Entered Level 5 of the Dungeon
  3030 | D:5      | Noticed an ice beast
  3037 | D:5      | Reached skill level 9 in Stealth
  3037 | D:5      | Reached XP level 7. HP: 60/60 MP: 8/8
  3075 | D:5      | Reached skill level 5 in Axes
  3110 | D:5      | Found a staircase to the Ecumenical Temple.
  3116 | Temple   | Entered the Ecumenical Temple
  3152 | Temple   | Became a worshipper of Gozag Ym Sagoz the Greedy
  3178 | D:5      | Reached skill level 10 in Stealth
  3464 | D:5      | Found a hide-covered altar of Uskayaw.
  3472 | D:5      | Reached XP level 8. HP: 67/67 MP: 9/9
  3504 | D:5      | Found Fiupp's Magic Scroll Boutique.
  3904 | D:6      | Noticed Blork the orc
  3913 | D:6      | Killed Blork the orc
  4029 | D:6      | Reached skill level 11 in Stealth
  4370 | D:6      | Found an ancient bone altar of Kikubaaqudgha.
  4455 | D:6      | Noticed Edmund
  4468 | D:6      | Killed Edmund
  4523 | D:6      | Found a bloodstained altar of Trog.
  4536 | D:6      | Reached skill level 12 in Stealth
  4536 | D:6      | Reached XP level 9. HP: 38/73 MP: 1/10
  4787 | D:6      | Found a snail-covered altar of Cheibriados.
  4899 | D:6      | Found a blossoming altar of Fedhas.
  4913 | D:6      | Noticed an oklob plant
  5084 | D:6      | Found Muodov Areta's Serpentskin Sales.
  5104 | D:6      | Noticed Duvessa
  5112 | D:6      | Killed Duvessa
  5113 | D:6      | Noticed Dowan
  5121 | D:6      | Killed Dowan
  5801 | D:7      | Noticed a two-headed ogre
  5809 | D:7      | Killed a two-headed ogre
  5810 | D:7      | Reached skill level 13 in Stealth
  5810 | D:7      | Reached skill level 5 in Shields
  6193 | D:7      | Identified the +1 cloak "Vyn Qenko" {Str+7 Int+4 Dex-4}
  6292 | D:7      | Reached skill level 14 in Stealth
  6292 | D:7      | Reached XP level 10. HP: 80/80 MP: 11/11
  7008 | D:8      | Found a stormy altar of Qazlal.
  7499 | D:9      | Found a white marble altar of Elyvilon.
  7526 | D:9      | You fall into a shaft and drop 1 floor!
  7526 | D:10     | Entered Level 10 of the Dungeon
  7659 | D:10     | Found a sparkling altar of Nemelex Xobeh.
  7662 | D:10     | Found a shimmering blue altar of Sif Muna.
  7824 | D:10     | Noticed a two-headed ogre
  7830 | D:10     | Killed a two-headed ogre
  7831 | D:10     | Reached skill level 15 in Stealth
  7891 | D:10     | Noticed Josephine
  7906 | D:10     | Killed Josephine
  8191 | D:10     | Found a staircase to the Orcish Mines.
  8373 | D:10     | Reached XP level 11. HP: 46/86 MP: 12/12
  8380 | D:10     | Reached skill level 10 in Axes
  8382 | D:10     | Reached skill level 16 in Stealth
  8887 | D:11     | Identified the +0 robe of Least Resistance {*Slow Dex+4
                  | SInv}
  9005 | D:11     | Found a transporter.
  9005 | D:11     | Noticed Galthrax's ghost (journeyman OpAr)
  9006 | D:11     | Found a transporter.
  9008 | D:11     | Noticed a faun
  9008 | D:11     | Noticed a two-headed ogre
  9009 | D:11     | Noticed a manticore
  9010 | D:11     | a faun changed into a shining eye
  9010 | D:11     | Noticed a shining eye (glowing shapeshifter)
  9012 | D:11     | a shining eye changed into a deep troll
  9012 | D:11     | Noticed a deep troll (glowing shapeshifter)
  9014 | D:11     | Noticed a manticore
  9015 | D:11     | a deep troll changed into a faun
  9015 | D:11     | Noticed a faun (glowing shapeshifter)
  9016 | D:11     | a faun changed into a dream sheep
  9018 | D:11     | a torpor snail changed into a two-headed ogre
  9018 | D:11     | Noticed a two-headed ogre (glowing shapeshifter)
  9039 | D:11     | Noticed a cyclops
  9049 | D:11     | Killed a cyclops
  9435 | D:11     | a slime creature changed into a broodmother
  9435 | D:11     | Noticed a broodmother (glowing shapeshifter)
  9436 | D:11     | a broodmother changed into a quicksilver ooze
  9436 | D:11     | Noticed a quicksilver ooze (glowing shapeshifter)
  9438 | D:11     | a quicksilver ooze changed into a bunyip
  9438 | D:11     | Noticed a bunyip (glowing shapeshifter)
  9449 | D:11     | a bunyip changed into a goliath frog
  9449 | D:11     | Noticed a goliath frog (glowing shapeshifter)
  9450 | D:11     | a goliath frog changed into a fire dragon
  9450 | D:11     | Noticed a fire dragon (glowing shapeshifter)
  9451 | D:11     | a fire dragon changed into an ettin
  9451 | D:11     | Noticed an ettin (glowing shapeshifter)
  9453 | D:11     | an ettin changed into a shock serpent
  9453 | D:11     | Noticed a shock serpent (glowing shapeshifter)
  9467 | D:11     | Reached skill level 10 in Shields
  9905 | D:12     | Noticed a purple ugly thing
  9917 | D:12     | Killed a purple ugly thing
 10072 | D:12     | Reached skill level 17 in Stealth
 10557 | D:12     | Noticed a manticore
 10566 | D:12     | Killed a manticore
 11006 | D:12     | Noticed a deep elf pyromancer
 11016 | D:12     | Killed a deep elf pyromancer
 11376 | D:12     | Noticed a boulder beetle
 11418 | D:12     | Killed a boulder beetle
 11715 | D:12     | Reached XP level 12. HP: 67/93 MP: 13/13
 11943 | D:13     | Noticed a centaur warrior
 12196 | D:12     | Killed a centaur warrior
 12197 | D:12     | Reached skill level 18 in Stealth
 12407 | D:13     | Noticed a centaur warrior
 13095 | D:13     | Noticed Ralhos's ghost (journeyman MiFi)
 13102 | D:13     | Found a runed translucent door.
 13184 | D:13     | Shot with an arrow by a centaur warrior

Illustrated notes

Levels and vault maps discovered:
D:1:      ebering_trefoil_twist, layout_rooms, st_stairs_3, corner_web_ring,
          minmay_tripent
D:2:      layout_basic, basic_altar, minmay_goblin_outpost
D:3:      layout_basic, hangedman_ru_absence, mainiacjoe_overflow_catwalk,
          ebering_ghost_reflecting_pool, serial_rivers,
          chequers_serial_rivers_micro_c, chequers_serial_rivers_marsh,
          chequers_serial_rivers_marsh, chequers_serial_rivers_large_a,
          chequers_serial_rivers_room_a, basic_ecumenical_altar,
          grunt_decor_arrowhead
D:4:      minmay_door_path, layout_rooms, nicolae_wu_jian_immortal_techniques,
          lemuel_doored_altar, mainiacjoe_overflow_six_doors_small,
          nicolae_tso_carved_into_rock, uniq_pargi
D:5:      layout_basic, nicolae_uskayaw_murder_on_the_dancefloor,
          minmay_temple_entry_arrows, serial_shops, nicolae_take_the_stairs,
          dk_rats_in_the_wall
D:6:      layout_basic, trog_antimagical, tgw_fedhas, kiku_gazebo_pond_becter,
          mainiacjoe_overflow_alcove_4, guppyfry_shop_venom, uniq_duvessa,
          uniq_blork_the_orc, uniq_edmund
D:7:      layout_layer_cave
D:8:      layout_rooms, grunt_qazlal_clouds
D:9:      layout_long_grid, dk_yredelemnul_ordeal, general_overflow_altar,
          lair_entry_dummy, special_room [special_room_orc], minmay_nine_imps
D:10:     layout_loops_corners, grunt_temple_overflow_open,
          minmay_orc_entry_temple_small, uniq_josephine
D:11:     layout_rooms, gammafunk_ghost_arena
D:12:     layout_gridville
D:13:     layout_rooms, hangedman_vaults_entry_quadrant_bands,
          hellmonk_ghost_big_iron, serial_shops, shop_statue,
          hangedman_abyss_or_decor_clamps, uniq_azrael
Temple:   nicolae_temple_ecumenical_triangle

Skill      XL: |  1  2  3  4  5  6  7  8  9 10 11 12 |
---------------+-------------------------------------+-----
Stealth        | 3 4 5 6 7 9 10 12 14 15 17 18 | 18.1
Axes           | 3 4 5 7 8 9 11 | 11.6
Shields        | 2 4 5 8 11 | 11.7
Fighting       | |  2.0
Spellcasting   | |  1.0
Transmutations | |  1.0
Evocations     | |  1.0

Action                     |  1- 3 |  4- 6 |  7- 9 | 10-12 || total
---------------------------+-------+-------+-------+-------++-------
  Melee: Hand axe          |   102 |    16 |       |       ||   118
         War axe           |       |    50 |   123 |   265 ||   438
Ability: Spit Poison       |    10 |       |     2 |    12 ||    24
    Use: Scroll            |       |     5 |     5 |     1 ||    11
         Potion            |       |       |       |     1 ||     1
   Stab: Sleeping          |     2 |    16 |    18 |    24 ||    60
         Distracted        |       |       |     1 |       ||     1
 Armour: Leather armour    |    27 |    38 |    46 |    91 ||   202
         Skin              |       |       |       |     1 ||     1
  Dodge: Dodged            |    62 |    29 |    26 |   102 ||   219
  Block: Buckler           |    15 |     9 |    18 |    57 ||    99
